 Dungeon Crawl Stone Soup version 0.31.0-10-gcf4a605ca0 (webtiles) character file.

Game seed: 6279634340354581248

45 Sweeb the Trooper (level 3, -3/29 HPs)
             Began as a Demonspawn Fighter on Jan 26, 2024.
             Slain by a gnoll
             ... wielding a +1 spear of flaming
              (6 damage)
             ... on level 2 of the Dungeon.
             The game lasted 00:01:11 (779 turns).

Sweeb the Trooper (Demonspawn Fighter)               Turns: 779, Time: 00:01:12

Health: -3/29      AC: 11    Str: 18    XL:     3   Next: 42%
Magic:  3/3        EV:  6    Int:  8    God:
Gold:   103        SH:  4    Dex: 12    Spells: 2/2 levels left

rFire   . . .        a - +0 flail
rCold   . . .        c - +0 buckler
rNeg    . . .        g - +0 plate armour
rPois   .            (no helmet)
rElec   .            (no cloak)
rCorr   .            (no gloves)
SInv    .            (no boots)
Will    .....        (no amulet) Stlth
                     (no ring)
HPRegen 0.24/turn    (no ring)
MPRegen 0.08/turn

%: no passive effects
@: mighty
A: sturdy frame 1, weakness stinger 1
a: no special abilities


You were on level 2 of the Dungeon.
You visited 1 branch of the dungeon, and saw 2 of its levels.

You collected 103 gold pieces.

Inventory:

Hand Weapons
 a - a +0 flail (weapon)
Armour
 b - a +0 scale mail
 c - a +0 buckler (worn)
 g - a +0 plate armour (worn)
Potions
 e - a potion of resistance {unknown}
 f - a potion of degeneration {unknown}


   Skills:
 + Level 3.2 Fighting
 * Level 2.4 Maces & Flails
 + Level 2.9 Armour
 * Level 3.2 Shields


You had 2 spell levels left.
You didn't know any spells.
Your spell library contained the following spells:

 Spells                   Type           Power      Damage    Failure   Level
 Magic Dart               Conj           0%         1d3       100%        1
 Blink                    Tloc           0%         N/A       100%        2
 Call Imp                 Summ           0%         N/A       100%        2


Dungeon Overview and Level Annotations

Branches:
Dungeon (2/15)

Altars:


Innate Abilities, Weirdness & Mutations

Your movements are slightly less encumbered by armour. (ER -2)
You have a small tail.


Message History

The gnoll shouts!
You hear a shout!
A gnoll comes into view. It is wielding a +0 whip.
There are monsters nearby!
There are monsters nearby!
A gnoll comes into view. It is wielding a +1 spear of flaming.
Found an escape hatch in the ceiling.
The gnoll shouts!
A gnoll comes into view. It is wielding a +0 club.
There is an open door here.
The gnoll shouts!
The gnoll hits you but does no damage.
You hit the gnoll.
Your tail-slap misses the gnoll.
The gnoll is lightly wounded.
You block the gnoll's attack. The gnoll hits you but does no damage.
You feel very mighty all of a sudden. You block the gnoll's attack.
The gnoll closely misses you.
You closely miss the gnoll.
The gnoll is lightly wounded.
The gnoll hits you from afar with a +1 spear of flaming!
The gnoll burns you. The gnoll hits you with a +0 club.
The gnoll barely misses you. The gnoll hits you but does no damage.
You thump the gnoll!
You kill the gnoll!
The gnoll hits you but does no damage. The gnoll closely misses you.
The gnoll hits you from afar with a +1 spear of flaming.
The gnoll burns you. The gnoll closely misses you. The gnoll barely misses you.
The gnoll hits you but does no damage. The gnoll hits you with a +0 club. x2
* * * LOW HITPOINT WARNING * * *
The gnoll hits you but does no damage.
You see here a +0 whip.
You closely miss the gnoll. The gnoll hits you but does no damage.
The gnoll barely misses you. The gnoll hits you but does no damage.
You sock the gnoll!
The gnoll is severely wounded.
The gnoll hits you with a +0 club.
* * * LOW HITPOINT WARNING * * *
The gnoll hits you but does no damage.
The gnoll hits you with a +1 spear of flaming.
You die...

............#....##.......
#.....#....#....''.......
..........#....##.......
####......#...|##.......
#).....#....##.......
#.....#....#....##.......
....##.###'##....###...#+#
....######.##....# #.#.# .
.......@..+....# ..#.#
......ggg##..........#
..........(^.....#####
...........# ..#
##.........+ ..#
#........<# #......####
#......#


You could see 3 gnolls.

Vanquished Creatures
  A gnoll (D:2)
  A dart slug (D:1)
  3 ball pythons
  4 endoplasms (D:1)
  A giant cockroach (D:1)
  6 goblins (D:1)
  3 hobgoblins
  5 kobolds
  A bat (D:1)
  2 frilled lizards (D:1)
  3 rats (D:1)
30 creatures vanquished.

Notes
Turn   | Place    | Note
-------+----------+-------------------------------------------
     0 | D:1      | Sweeb the Demonspawn Fighter began the quest for the Orb.
     0 | D:1      | Reached XP level 1. HP: 18/18 MP: 1/1
    27 | D:1      | Gained mutation: Your movements are slightly less
                  | encumbered by armour. (ER -2) [demonic ancestry]
    27 | D:1      | Reached XP level 2. HP: 16/24 MP: 2/2
   531 | D:1      | Gained mutation: You have a small tail. [demonic ancestry]
   531 | D:1      | Reached XP level 3. HP: 29/29 MP: 3/3
   779 | D:2      | Slain by a gnoll

Illustrated notes

Levels and vault maps discovered:
D:1:      dpeg_arrival_tiny_f, layout_loops_ring
D:2:      layout_basic, dreamdust_ecumenical_altar_statues, serial_shops, shop

Skill      XL: |  1  2 |
---------------+-------+-----
Maces & Flails | 2 |  2.4
Shields        | 3 |  3.2
Fighting       | |  3.2
Armour         | |  2.9

Action                     || total
---------------------------++-------
  Melee: Flail             ||    76
         Tailslap          ||     1
    Use: Scroll            ||     2
         Potion            ||     1
 Armour: Scale mail        ||    35
         Plate armour      ||    38
  Dodge: Dodged            ||    26
  Block: Buckler           ||    15
